 Dungeon Crawl Stone Soup version 0.24-a0-715-g0b739ee41d (webtiles) character file.

Game seed: 12038982553422786939, levelgen mode: deterministic

13496 Kohma the Grappler (level 11, -2/104 HPs)
             Began as a Troll Monk on Sept 30, 2019.
             Was the Champion of Okawaru.
             Slain by a white ugly thing (32 damage)
             ... on level 10 of the Dungeon.
             The game lasted 00:32:28 (9325 turns).

Kohma the Grappler (Troll Monk)                     Turns: 9325, Time: 00:32:28

Health: -2/104     AC: 12    Str: 23    XL:     11   Next: 76%
Magic:  10/10      EV: 10    Int:  6    God:    Okawaru [******]
Gold:   574        SH: 11    Dex: 13    Spells: 10/10 levels left

rFire    . . .     SeeInvis .     - Unarmed
rCold    . . .     Gourm    +   i - +0 shield
rNeg     . . .     Faith    .   D - +0 steam dragon scales
rPois    +         Spirit   .   (helmet restricted)
rElec    .         Reflect  .   r - +2 cloak {+Inv}
rCorr    +         Harm     .   (gloves unavailable)
MR       .....                  (boots unavailable)
Stlth    ++........             (no amulet)
HPRegen  0.67/turn              A - ring of resist corrosion (curse)
MPRegen  0.12/turn              w - ring of poison resistance

@: studying Armour
A: large, unfitting armour, claws 3, fast metabolism 3, gourmand, regeneration
1, shaggy fur 1, tough skin 3
a: Heroism, Finesse, Renounce Religion, Evoke Invisibility


You were on level 10 of the Dungeon.
You worshipped Okawaru.
Okawaru was exalted by your worship.
You were very full.

You visited 2 branches of the dungeon, and saw 12 of its levels.

You collected 664 gold pieces.
You spent 90 gold pieces at shops.

Inventory:

Missiles
 f - 327 stones
 v - 15 poisoned darts
 y - 7 atropa-tipped darts
 J - 3 large rocks (quivered)
Armour
 i - a +0 shield (worn)
 r - a +2 cloak of invisibility (worn)
 D - +0 steam dragon scales (worn)
 E - a +0 robe of fire resistance
Jewellery
 w - a ring of poison resistance (right claw)
 A - a cursed ring of resist corrosion (left claw)
 K - an uncursed amulet of rage
Wands
 d - a wand of polymorph (9)
 o - a wand of acid (5)
 p - a wand of flame (45)
 q - a wand of iceblast (16)
 s - a wand of clouds (4)
 x - a wand of enslavement (6)
 F - a wand of random effects (32)
Scrolls
 c - 5 scrolls of remove curse
 h - 3 scrolls of teleportation
 j - 2 scrolls of enchant armour
 n - 2 scrolls of identify
 u - a scroll of magic mapping
 B - a scroll of fog
 H - a scroll of amnesia
Potions
 e - 3 potions of heal wounds
 g - 2 potions of invisibility
 k - 4 potions of agility
 l - 2 potions of haste
 m - 3 potions of might
 t - 2 potions of curing
 C - 2 potions of lignification
 G - a potion of berserk rage
Books
 z - a manual of Armour
Comestibles
 b - 19 rations


   Skills:
 - Level 5.5 Fighting
 - Level 2.4 Dodging
 - Level 1.0 Stealth
 + Level 8.8 Shields
 * Level 14.5 Unarmed Combat


You had 10 spell levels left.
You didn't know any spells.
Your spell library contained the following spells:

 Spells                   Type           Power        Failure   Level  Hunger
 Shock                    Conj/Air       #...         45%         1    ##.....
 Summon Small Mammal      Summ           #...         45%         1    ##.....
 Call Imp                 Summ           #.......     61%         2    ###....
 Swiftness                Chrm/Air       #.......     61%         2    ###....
 Call Canine Familiar     Summ           #.......     83%         3    ####...
 Static Discharge         Conj/Air       #.......     83%         3    ####...
 Summon Guardian Golem    Hex/Summ       #.......     83%         3    ####...
 Airstrike                Air            #.........   99%         4    #####..
 Summon Ice Beast         Ice/Summ       #.......     99%         4    #####..
 Summon Lightning Spire   Summ/Air       #.......     99%         4    #####..
 Lightning Bolt           Conj/Air       #.........   100%        5    ######.


Dungeon Overview and Level Annotations

Branches:
Dungeon (11/15)            Temple (1/1) D:5            Lair (0/6) D:8
    Orc (0/2) D:10

Altars:
Ashenzari
Cheibriados
Dithmenos
Elyvilon
Fedhas
Gozag
Hepliaklqana
Kikubaaqudgha
Makhleb
Nemelex Xobeh
Okawaru
Qazlal
Ru
Sif Muna
Trog
Uskayaw
Vehumet
Wu Jian
Xom
Yredelemnul
Zin
The Shining One

Shops:
D:5 :   D:7 *?

Annotations:
D:11 Nergalle


Innate Abilities, Weirdness & Mutations

You are too large for most types of armour.
You have claws for hands.
Your metabolism is lightning-fast.
You like to eat raw meat.
Your natural rate of healing is unusually fast.
You are covered in fur. (AC +1)
You have extremely tough skin. (AC +3)


Message History

There is a stone staircase leading down, spattered with blood here.
You barely miss the centaur. You block the centaur's attack.
You block the white ugly thing's attack.
You claw the centaur!
The centaur is heavily wounded.
The centaur barely misses you.
You block the white ugly thing's attack.
The centaur shoots an arrow.
The arrow hits you.
Things that are here:
a +0 chain mail; a +0 war axe You claw the centaur!
The centaur is severely wounded.
The centaur hits you but does no damage.
You mangle the centaur!!
You kill the centaur!
Okawaru accepts your kill. The white ugly thing kicks you.
* * * LOW HITPOINT WARNING * * *
The white ugly thing freezes you!!
You die...

#..'......# #..........###.##..
####......# #..........'...####
#......# #..).......########
##'##### ##'######### #.. #.##
#.)#### ###'# # #..# ##....#
#.... ######.#############.######
#.... ................#[[.......#
#....
######.########.@u........###....
#...# ###[..........#.... ###.#
#.........#.'.... #.#
#.........###.... #.# #..<......#
#.... #.# ###.####### ##### #.#
#.## #.# #..## #######.### ##..#
####


You could see a white ugly thing.

Vanquished Creatures
  4 two-headed ogres
  An unseen horror (D:11)
  The ghost of Toftenius the Carver, a novice MiBe of Trog (D:6)
  A cyclops (D:10)
  Joseph (D:8)
  A komodo dragon (D:10)
  A troll (D:10)
  A hornet (D:9)
  A hippogriff (D:10)
  A spriggan (D:7)
  Sigmund (D:2)
  A wyvern (D:9)
  10 yaks
  3 steam dragons
  2 hungry ghosts
  Edmund (D:4)
  Duvessa (D:4)
  8 orc warriors
  A black bear (D:8)
  An ice beast (D:6)
  3 sky beasts
  2 phantoms
  A necrophage (D:8)
  5 centaurs
  2 ogres
  2 big kobolds
  6 bullfrogs
  4 gnoll sergeants
  Dowan (D:4)
  A water moccasin zombie (D:9)
  A wyvern skeleton (D:9)
  6 scorpions (D:11)
  3 wights (D:8)
  6 killer bees (D:10)
  A howler monkey (D:9)
  2 crimson imps
  A centaur zombie (D:5)
  2 centaur skeletons
  5 hounds
  4 jellies
  7 orc priests
  A gnoll shaman (D:6)
  12 orc wizards
  A bullfrog skeleton (D:11)
  4 iguanas
  7 worker ants
  A hound skeleton (D:5)
  2 worker ant zombies
  13 adders
  18 gnolls
  4 shadow imps
  An adder zombie (D:5)
  An ooze (D:1)
  A worm (D:2)
  5 dart slugs
  2 leopard geckos
  48 orcs
  15 bats
  4 giant cockroaches
  3 hobgoblins
  7 quokkas
  A ball python (D:1)
  4 frilled lizards
  9 goblins
  15 kobolds
  A leopard gecko skeleton (D:5)
  A leopard gecko zombie (D:9)
  2 quokka zombies
  2 rats
292 creatures vanquished.

Vanquished Creatures (others)
  A gnoll (D:7)
  6 fungi
  A plant (D:6)
8 creatures vanquished.

Grand Total: 300 creatures vanquished

Notes
Turn   | Place    | Note
-------+----------+-------------------------------------------
     0 | D:1      | Kohma the Troll Monk began the quest for the Orb.
     0 | D:1      | Reached XP level 1. HP: 22/22 MP: 0/0
   193 | D:1      | Reached XP level 2. HP: 27/29 MP: 1/1
   894 | D:2      | Reached XP level 3. HP: 36/36 MP: 2/2
  1010 | D:2      | Reached skill level 4 in Unarmed Combat
  1130 | D:2      | Reached skill level 1 in Shields
  1149 | D:2      | Noticed Sigmund
  1158 | D:2      | Reached XP level 4. HP: 44/44 MP: 3/3
  1181 | D:2      | Killed Sigmund
  1181 | D:2      | Reached skill level 5 in Unarmed Combat
  1181 | D:2      | Reached XP level 5. HP: 36/53 MP: 4/4
  1610 | D:3      | Reached XP level 6. HP: 49/61 MP: 5/5
  1990 | D:5      | Entered Level 5 of the Dungeon
  2040 | D:5      | Found Wafroapp's Book Emporium.
  2070 | D:5      | Noticed a sky beast
  2077 | D:5      | Killed a sky beast
  2077 | D:5      | Reached skill level 6 in Unarmed Combat
  2077 | D:5      | Reached XP level 7. HP: 58/68 MP: 6/6
  2132 | D:5      | Found a staircase to the Ecumenical Temple.
  2146 | Temple   | Entered the Ecumenical Temple
  2264 | Temple   | Became a worshipper of Warmaster Okawaru
  2264 | Temple   | Reached * piety under Okawaru
  2264 | Temple   | Reached ** piety under Okawaru
  2649 | D:5      | Found a burning altar of Makhleb.
  2708 | D:4      | Noticed Edmund
  2723 | D:4      | Killed Edmund
  2862 | D:4      | Reached skill level 7 in Unarmed Combat
  2918 | D:4      | Noticed Duvessa
  2925 | D:4      | Noticed Dowan
  2933 | D:4      | Killed Duvessa
  2933 | D:4      | Reached XP level 8. HP: 70/79 MP: 4/7
  2945 | D:4      | Killed Dowan
  3063 | D:4      | You fall into a shaft and drop 1 floor!
  3493 | D:6      | Reached *** piety under Okawaru
  3541 | D:6      | Found a transporter.
  3541 | D:6      | Found a transporter.
  3562 | D:6      | Reached skill level 8 in Unarmed Combat
  3576 | D:6      | Reached skill level 5 in Fighting
  3690 | D:6      | Noticed Toftenius's ghost (novice MiBe)
  3715 | D:6      | Killed Toftenius's ghost
  3722 | D:6      | Reached skill level 9 in Unarmed Combat
  3878 | D:6      | Reached XP level 9. HP: 88/88 MP: 8/8
  4399 | D:6      | Reached **** piety under Okawaru
  4640 | D:6      | Reached skill level 5 in Shields
  4902 | D:7      | Reached skill level 10 in Unarmed Combat
  5257 | D:7      | Found Cimungas's Magic Scroll Emporium.
  5278 | D:7      | Bought a scroll of identify for 30 gold pieces
  5278 | D:7      | Bought a scroll of identify for 30 gold pieces
  5413 | D:7      | Reached ***** piety under Okawaru
  5538 | D:7      | Found Divem's General Store.
  5544 | D:7      | Bought a scroll of identify for 30 gold pieces
  5707 | D:8      | Reached skill level 11 in Unarmed Combat
  5881 | D:8      | Found a staircase to the Lair.
  5891 | D:8      | Noticed Joseph
  5899 | D:8      | Killed Joseph
  5899 | D:8      | Reached XP level 10. HP: 68/96 MP: 9/9
  6274 | D:8      | Received a gift from Okawaru
  6994 | D:9      | Paralysed by a hornet for 1 turns
  7002 | D:9      | Reached skill level 12 in Unarmed Combat
  7256 | D:9      | Noticed a two-headed ogre
  7260 | D:9      | Killed a two-headed ogre
  7330 | D:10     | Entered Level 10 of the Dungeon
  7354 | D:10     | Noticed a two-headed ogre
  7366 | D:10     | Killed a two-headed ogre
  7764 | D:10     | Reached skill level 13 in Unarmed Combat
  7775 | D:10     | Found a staircase to the Orcish Mines.
  7883 | D:10     | Reached XP level 11. HP: 104/104 MP: 10/10
  8338 | D:11     | Noticed Nergalle
  8338 | D:11     | Noticed a two-headed ogre
  8420 | D:11     | Noticed a two-headed ogre
  8421 | D:11     | Noticed a cyan ugly thing
  8579 | D:11     | Reached ****** piety under Okawaru
  8625 | D:11     | Found the +7 Singing Sword {slice, sonic wave}
  8798 | D:11     | Killed a two-headed ogre
  8798 | D:11     | Received a gift from Okawaru
  8798 | D:11     | Reached skill level 14 in Unarmed Combat
  9092 | D:11     | Killed an unseen horror
  9100 | D:11     | Killed a two-headed ogre
  9292 | D:11     | Noticed a white ugly thing
  9295 | D:11     | Noticed a green ugly thing
  9325 | D:10     | Slain by a white ugly thing

Levels and vault maps discovered:
D:1:      eino_arrival_cavern_b, layout_loops_corners
D:2:      layout_rooms, uniq_sigmund
D:3:      layout_rooms, first_ration, minmay_misc_feat_encased
D:4:      layout_gridville, minmay_a_box_with_orc_wizards_in_it, uniq_duvessa,
          uniq_edmund
D:5:      layout_rooms, lemuel_round_altar, minmay_temple_entry_grid,
          serial_shops, nicolae_shop_trees, kennysheep_generic_room_7
D:6:      layout_cave_pods, gammafunk_ghost_gnarly_gnolls
D:7:      layout_cave_pools, serial_gnoll_camp, gnoll_camp_mini_sergeant,
          gnoll_camp_mini_shop, gnoll_camp_mini_house, gnoll_camp_mini_shop,
          the_bakery
D:8:      layout_loops_ring, dpeg_oklobed_lair, grunt_decor_clamped, uniq_joseph
D:9:      layout_loops_ring
D:10:     layout_roguey, hiddenorc2_lemuel
D:11:     old_forge, layout_cross, serial_shops, nicolae_shop_trees,
          uniq_nergalle
Temple:   kilobyte_greek_temple

Skill      XL: |  1  2  3  4  5  6  7  8  9 10 11 |
---------------+----------------------------------+-----
Unarmed Combat | 4 5 6 7 9 11 13 14 | 14.5
Shields        | 1 2 3 4 6 7 8 |  8.8
Fighting       | 3 4 5 |  5.5
Dodging        | |  2.4
Stealth        | |  1.0

Action                   |  1- 3 |  4- 6 |  7- 9 | 10-12 || total
-------------------------+-------+-------+-------+-------++-------
Melee: Unarmed           |   103 |   106 |   357 |   454 ||  1020
Invok: Heroism           |       |       |     2 |       ||     2
Evoke: Wand              |       |       |     3 |       ||     3
  Use: Scroll            |       |    11 |     9 |     2 ||    22
 Stab: Sleeping          |     3 |     2 |     4 |     3 ||    12
       Confused          |       |       |     2 |       ||     2
       Distracted        |       |       |       |     1 ||     1
  Eat: Chunk             |    16 |     9 |    35 |    40 ||   100
Armor: Robe              |    30 |    46 |    93 |       ||   169
       Steam dragon scal |       |       |     2 |   118 ||   120
Dodge: Dodged            |    27 |    33 |   105 |   119 ||   284
Block: Shield            |    35 |    48 |   139 |   172 ||   394

Table legend:
 A = Non-vault XP
 B = Vault XP
 C = Vault XP percentage of total XP
 D = Non-vault monster count
 E = Vault monster count
 F = Vault count percentage of total count
                 A         B        C        D         E       F
            +---------+---------+-------+---------+---------+-------
      Total |   15550 |    3730 |  19.3 |     212 |      80 |  27.4
            +---------+---------+-------+---------+---------+-------
        D:1 |      40 |       0 |   0.0 |      19 |       0 |   0.0
        D:2 |      77 |     212 |  73.4 |      18 |       1 |   5.3
        D:3 |      85 |       0 |   0.0 |      20 |       0 |   0.0
        D:4 |     237 |     535 |  69.3 |      10 |       7 |  41.2
        D:5 |     536 |      18 |   3.2 |      20 |       1 |   4.8
        D:6 |     998 |     964 |  49.1 |      16 |      10 |  38.5
        D:7 |     628 |     534 |  46.0 |      14 |      12 |  46.2
        D:8 |    1083 |     423 |  28.1 |      10 |       1 |   9.1
        D:9 |    2467 |       0 |   0.0 |      29 |       0 |   0.0
       D:10 |    4706 |     572 |  10.8 |      32 |      32 |  50.0
       D:11 |    4693 |     472 |   9.1 |      24 |      16 |  40.0
            +---------+---------+-------+---------+---------+-------
